 Dungeon Crawl Stone Soup version 0.28.0-45-g0d030f2227 (webtiles) character file.

Game seed: 8089759365533778480

176107 protoss039 the Eclecticist (level 18, -1/119 HPs)
             Began as a Gargoyle Earth Elementalist on May 10, 2022.
             Was the Champion of Vehumet.
             Slain by a broodmother (15 damage)
             ... on level 3 of the Spider Nest.
             The game lasted 01:48:45 (39618 turns).

protoss039 the Eclecticist (GrEE)                  Turns: 39618, Time: 01:48:48

Health: -1/119     AC: 25    Str: 17    XL:     18   Next: 12%
Magic:  3/39       EV: 11    Int: 41    God:    Vehumet [******]
Gold:   2942       SH:  6    Dex: 10    Spells: 1/52 levels left

rFire   + . .      SeeInvis +   D - +8 falchion "Jellyslayer" {vorpal, Contam Will+ Str+9 Int+2}
rCold   + . .      Faith    +   U - +0 buckler
rNeg    + . .      Spirit   .   W - +1 leather armour of Disguise {rCorr Int+7}
rPois   ∞          Reflect  .   (no helmet)
rElec   +          Harm     .   n - +0 cloak {Stlth+}
rCorr   +          Rampage  .   z - +0 pair of gloves
Will    ++...                   M - +2 pair of boots
Stlth   +++.......              r - amulet of Ugor {Faith rC+ Regen+ Str-5 Int+9}
HPRegen 1.09/turn               B - ring of see invisible
MPRegen 0.26/turn               u - ring of protection from fire

@: flying
A: sickness immunity, AC +13, big wings, negative energy resistance 1,
electricity resistance, torment resistance 1, petrification resistance
a: Renounce Religion


You were on level 3 of the Spider Nest.
You worshipped Vehumet.
Vehumet was exalted by your worship.
You visited 5 branches of the dungeon, and saw 28 of its levels.
You also visited: Ossuary.

You collected 4403 gold pieces.
You spent 1461 gold pieces at shops.

Inventory:

Hand Weapons
 D - the +8 falchion "Jellyslayer" (weapon) {vorpal, Contam Will+ Str+9 Int+2}
   (You found it on level 3 of the Lair of Beasts)

   It inflicts extra damage upon your enemies.
   Str:       It affects your strength (+9).
   Int:       It affects your intelligence (+2).
   Contam:    It causes magical contamination when unequipped.
   Will:      It increases your willpower.
 N - a +3 scimitar of flaming
Missiles
 c - 587 stones
 k - 2 throwing nets
Armour
 n - a +0 cloak of stealth (worn)
 z - a +0 pair of gloves (worn)
 G - a +1 ring mail of cold resistance
 K - a +0 leather armour of willpower
 M - a +2 pair of boots (worn)
 Q - a +2 leather armour of fire resistance
 U - a +0 buckler (worn)
 W - the +1 leather armour of Disguise (worn) {rCorr Int+7}
   (You found it on level 12 of the Dungeon)

   Int:       It affects your intelligence (+7).
   rCorr:     It protects you from acid and corrosion.
Magical Staves
 g - a staff of cold
 j - a staff of fire
Jewellery
 r - the amulet of Ugor (around neck) {Faith rC+ Regen+ Str-5 Int+9}
   (You acquired it on level 2 of the Lair of Beasts)

   [amulet of faith]

   It allows you to gain divine favour quickly.
   Str:       It affects your strength (-5).
   Int:       It affects your intelligence (+9).
   rC:        It protects you from cold.
   Regen:     It increases your rate of health regeneration.
 u - a ring of protection from fire (right hand)
 B - a ring of see invisible (left hand)
 O - a ring of fire
Wands
 b - a wand of iceblast (9)
 d - a wand of charming (3)
 J - a wand of flame (41)
 L - a wand of mindburst (23)
 P - a wand of acid (14)
 R - a wand of paralysis (5)
 T - a wand of polymorph (5)
Scrolls
 a - 9 scrolls of identify
 f - 15 scrolls of teleportation
 h - 5 scrolls of immolation
 m - 9 scrolls of blinking
 o - a scroll of summoning
 p - 6 scrolls of enchant weapon
 q - 6 scrolls of magic mapping
 t - 6 scrolls of enchant armour
 v - 7 scrolls of fog
 y - 3 scrolls of fear
 F - 2 scrolls of holy word
 S - 2 scrolls of brand weapon
 Y - 3 scrolls of amnesia
Potions
 e - 7 potions of ambrosia
 i - 3 potions of magic
 l - 8 potions of brilliance
 s - 3 potions of haste
 w - a potion of resistance
 x - 3 potions of curing
 C - 3 potions of might
 E - 2 potions of cancellation
 I - 3 potions of invisibility
 X - a potion of heal wounds


   Skills:
 + Level 15.3 Fighting
 + Level 11.4 Armour
 - Level 1.5 Dodging
 - Level 2.1 Stealth
 * Level 10.3 Shields
 * Level 17.6 Spellcasting
 + Level 13.8 Conjurations
 * Level 0.9 Necromancy
 - Level 3.0 Transmutations
 * Level 5.7 Fire Magic
 - Level 3.0 Ice Magic
 * Level 11.9 Earth Magic
 - Level 3.0 Poison Magic


You had one spell level left.
You knew the following spells:

 Your Spells              Type           Power      Damage    Failure   Level
a - Sandblast             Erth           100%       2d20      0%          1
b - Passwall              Tmut/Erth      65%        N/A       1%          2
c - Stone Arrow           Conj/Erth      100%       3d13      0%          3
d - Olgreb's Toxic Radia  Pois           57%        N/A       1%          4
e - Fireball              Conj/Fire      43%        3d17      1%          5
f - Starburst             Conj/Fire      43%        6d12      1%          6
g - Conjure Ball Lightni  Conj/Air       37%        3x3d12    2%          6
h - Freezing Cloud        Conj/Ice/Air   35%        6-21      1%          5
i - Borgnjor's Vile Clut  Necr/Erth      36%        N/A       1%          5
j - Iron Shot             Conj/Erth      48%        9d9       1%          6
k - Lehudib's Crystal Sp  Conj/Erth      48%        10d12     10%         8

Your spell library contained the following spells:

 Spells                   Type           Power      Damage    Failure   Level
 Ignition                 Fire           35%        3d11      82%         8
 Fire Storm               Conj/Fire      43%        8d11      98%         9
 Chain Lightning          Conj/Air       37%        3d50      100%        9
 Foxfire                  Conj/Fire      100%       2x1d9     0%          1
 Apportation              Tloc           72%        N/A       1%          1
 Slow                     Hex            100%       N/A       1%          1
 Sting                    Tmut/Pois      100%       1d8       1%          1
 Blink                    Tloc           72%        N/A       1%          2
 Corpse Rot               Necr/Air       80%        N/A       1%          2
 Poisonous Vapours        Pois/Air       96%        N/A       1%          2
 Wereblood                Tmut           57%        N/A       1%          2
 Conjure Flame            Conj/Fire      86%        6-21      1%          3
 Dazzling Flash           Conj/Hex       100%       N/A       1%          3
 Ignite Poison            Fire/Tmut/Pois 62%        N/A       1%          3
 Inner Flame              Hex/Fire       56%        N/A       1%          3
 Spider Form              Tmut/Pois      57%        N/A       1%          3
 Animate Armour           Summ/Erth      100%       N/A       1%          4
 Flame Wave               Conj/Fire      86%        2d15      1%          4
 Hailstorm                Conj/Ice       81%        3d16      1%          4
 Iskenderun's Mystic Bla  Conj/Tloc      75%        2d15      1%          4
 Petrify                  Tmut/Erth      78%        N/A       1%          4
 Irradiate                Conj/Tmut      40%        3d26      1%          5
 Lightning Bolt           Conj/Air       37%        1d56      1%          5
 Vampiric Draining        Necr           43%        2d9       2%          3
 Confusing Touch          Hex            36%        N/A       3%          3
 Ice Form                 Ice/Tmut       57%        N/A       3%          4
 Animate Dead             Necr           21%        N/A       7%          4
 Alistair's Intoxication  Tmut/Pois      38%        N/A       9%          5
 Blade Hands              Tmut           28%        N/A       9%          5
 Eringya's Noxious Bog    Tmut/Pois      28%        N/A       13%         6
 Manifold Assault         Tloc           36%        N/A       30%         5
 Summon Forest            Summ/Tloc      18%        N/A       30%         5
 Simulacrum               Ice/Necr       25%        N/A       58%         6
 Death Channel            Necr           21%        N/A       73%         6
 Dragon Form              Tmut           28%        N/A       95%         7
 Storm Form               Tmut/Air       24%        N/A       99%         7
 Summon Hydra             Summ           18%        N/A       100%        7
 Discord                  Hex            18%        N/A       100%        8
 Disjunction              Tloc           18%        N/A       100%        8
 Maxwell's Capacitive Co  Air            18%        ∞         100%        8
 Sublimation of Blood     Necr           Unusable   N/A       N/A         2

Dungeon Overview and Level Annotations

Branches:
Dungeon (15/15)            Temple (1/1) D:5            Lair (6/6) D:11
 Shoals (0/4) Lair:3       Spider (4/4) Lair:3        Slime (0/5) Lair:5
    Orc (2/2) D:11            Elf (0/3) Orc:2        Vaults (0/5) D:14
 Depths (0/4) D:15        Ossuary (visited)

Altars:
Ashenzari
Cheibriados
Dithmenos
Elyvilon
Fedhas
Gozag
Hepliaklqana
Kikubaaqudgha
Makhleb
Nemelex Xobeh
Okawaru
Qazlal
Ru
Sif Muna
Trog
Uskayaw
Vehumet
Wu Jian
Xom
Yredelemnul
Zin
The Shining One
Beogh
Jiyva

Shops:
Orc:2 ?[?*


Innate Abilities, Weirdness & Mutations

You are immune to sickness and miasma.
Your stone body is resilient. (AC +13)
You are immune to poison.
Your large and strong wings let you fly.
You resist negative energy. (rN+)
You are resistant to electric shocks. (rElec)
You are resistant to unholy torment.
You are immune to petrification.


Message History

The jumping spider leaps!
Unknown command.
Casting: Iron Shot (mildly dangerous; 1% risk of failure)
Confirm with . or Enter, or press ? or * to list all spells.
You don't have enough magic to cast this spell.
Unknown command.
Unknown command.
Unknown command.
Casting: Iron Shot (mildly dangerous; 1% risk of failure)
Confirm with . or Enter, or press ? or * to list all spells.
You don't have enough magic to cast this spell.
Unknown command.
Casting: Iron Shot (mildly dangerous; 1% risk of failure)
Confirm with . or Enter, or press ? or * to list all spells.
Aiming: Passwall (safe; 1% risk of failure)
Press: ? - help, Dir - move target, p - broodmother A rock wall.
The broodmother summons a spider!
The jumping spider leaps!
The broodmother bites you.
You begin to meditate on the wall.
You continue meditating on the rock.
You block the wolf spider's attack.
The wolf spider bites you but does no damage.
The jumping spider leaps!
The tarantella closely misses you. The broodmother bites you!
* * * LOW HITPOINT WARNING * * *
You block the wolf spider's attack.
The wolf spider bites you but does no damage.
You continue meditating on the rock.
The jumping spider leaps!
The tarantella closely misses you. The wolf spider barely misses you.
The wolf spider bites you but does no damage.
The broodmother bites you!
* * * LOW HITPOINT WARNING * * *
You block the tarantella's attack.
You continue meditating on the rock.
The wolf spider hits you but does no damage.
The wolf spider bites you!
* * * LOW HITPOINT WARNING * * *
The broodmother bites you!
You die...

# ##..## #### ##.# #.## ##...
###....# #.# #..###.# #.##
#......## #.###..^#..## #.##
......#.## #.##........######.#.
.....###<####.○..^..#...##.^....#
...^## #...##^#.....s..........##
...## ##.##..##.....#..........##
..## ##......##.ss..##.##.....#.#
######.......###@...###.#......#.
####.(.......# ##s..# #.......^##
.##.........## #...###.......^#
............## ###.##..#......#
...........^^### ####.##.#######
...........##..######.###.## ####
...........####.......# ##.###...
......)....# #.......####...####
...........# ##..####^.##....##


You could see a broodmother, a wolf spider (summoned), a jumping spider and a
tarantella (summoned).

Vanquished Creatures
  Mlioglotl (Spider:2)
  Kirke (Lair:4)
  4 emperor scorpions
  2 ghost moths (Spider:1)
  5 broodmothers
  A stone giant (D:15)
  A spark wasp (Lair:3)
  An entropy weaver (Spider:1)
  Josephine (Spider:1)
  An ettin (D:12)
  A fire dragon (Lair:6)
  A yaktaur captain (D:12)
  6 boulder beetles
  A jorogumo (Spider:1)
  4 radroaches (Spider:1)
  10 hydras
  2 ogre magi
  7 centaur warriors
  The ghost of Panino the Fighter, a novice DrTm of Sif Muna (D:8)
  19 two-headed ogres
  Erica (D:10)
  2 catoblepae (Lair:6)
  7 death yaks
  2 tengu warriors (D:15)
  5 orc high priests (Orc:2)
  3 pharaoh ants
  A storm dragon skeleton (D:13)
  2 sun moths
  A swamp dragon (Lair:6)
  3 steelbarb worms
  A lindwurm (Lair:6)
  13 orb spiders
  9 orc knights
  3 deep elf pyromancers
  A wolf spider zombie (D:13)
  2 necromancers
  8 cyclopes
  An orc sorcerer (Orc:1)
  5 manticores
  13 ugly things
  5 oklob plants
  24 wolf spiders
  A guardian serpent (shapeshifter) (D:14)
  2 moths of wrath
  Maurice (D:11)
  15 elephants
  Joseph (D:8)
  3 black mambas
  6 torpor snails
  16 cane toads
  3 gargoyles
  3 yaktaurs (D:15)
  3 efreet
  3 unseen horrors
  5 demonic crawlers
  4 rime drakes
  8 komodo dragons
  2 tengu conjurers
  18 meliai
  3 kobold demonologists
  A tyrant leech (Lair:6)
  5 polar bears
  A queen bee (D:12)
  10 trolls
  A wind drake (Lair:3)
  19 tarantellas
  31 blink frogs
  19 slime creatures
  2 dream sheep (Lair:6)
  19 jumping spiders
  Sigmund (D:6)
  19 culicivoras
  2 basilisks
  Eustachio (D:4)
  6 wraiths
  6 wyverns
  2 steam dragons
  4 vampires
  34 yaks
  3 hogs
  10 vampire mosquitoes
  41 redbacks
  A redback (shapeshifter) (D:13)
  A warg (Orc:2)
  4 swamp worms (Lair:6)
  4 acid dragons
  14 water moccasins
  2 swamp drakes
  31 orc warriors
  2 sky beasts
  A black bear (shapeshifter) (D:15)
  The ghost of Seraphu the Covered, an amateur DDFi (D:3)
  A black bear (Lair:4)
  2 necrophages
  25 ogres
  19 centaurs
  7 wolves
  5 kobold brigands
  A gnoll sergeant (D:5)
  7 bullfrogs
  7 scorpions
  A wyvern skeleton (D:7)
  A water moccasin zombie (D:7)
  38 killer bees
  9 wights (D:6)
  2 howler monkeys
  2 bullfrog zombies
  4 centaur zombies
  4 hounds
  2 jellies
  28 orc priests
  Crazy Yiuf (D:2)
  2 centaur skeletons
  A bullfrog skeleton (D:6)
  10 iguanas
  14 orc wizards
  Natasha (thrice) (D:4)
  2 killer bee zombies
  8 mummies (Ossuary)
  A howler monkey zombie (D:7)
  9 gnolls
  A howler monkey skeleton (D:7)
  6 adders
  A shadow imp (D:5)
  A white imp (D:5)
  4 worms
  2 dart slugs
  68 orcs
  8 ball pythons
  An endoplasm (D:4)
  3 giant cockroaches
  2 gnoll zombies (Ossuary)
  6 goblins
  8 hobgoblins
  5 jackals
  23 kobolds
  6 bats
  3 frilled lizards (D:2)
  2 hobgoblin zombies (Ossuary)
  2 kobold zombies (Ossuary)
  2 orc zombies (Ossuary)
  A rat (D:2)
948 creatures vanquished.

Vanquished Creatures (collateral kills)
  2 ball lightnings (Spider:1)
2 creatures vanquished.

Vanquished Creatures (others)
  A redback (Spider:1)
  An orc wizard (D:5)
  64 ball lightnings
  37 fungi
  49 plants
152 creatures vanquished.

Grand Total: 1102 creatures vanquished

Notes
Turn   | Place    | Note
-------+----------+-------------------------------------------
     0 | D:1      | protoss039 the Gargoyle Earth Elementalist began the quest
                  | for the Orb.
     0 | D:1      | Reached XP level 1. HP: 10/10 MP: 3/3
   444 | D:1      | Reached skill level 1 in Transmutations
   518 | D:1      | Reached XP level 2. HP: 12/16 MP: 0/5
   652 | D:1      | Reached skill level 1 in Fighting
   911 | D:1      | Found a faded altar of an unknown god.
  1153 | D:2      | Learned a level 2 spell: Passwall
  1167 | D:2      | Reached skill level 1 in Armour
  1167 | D:2      | Reached XP level 3. HP: 14/20 MP: 3/6
  1187 | D:2      | Learned a level 3 spell: Stone Arrow
  1609 | D:2      | Reached XP level 4. HP: 18/26 MP: 5/7
  2198 | D:2      | Found a runed translucent door.
  2199 | D:2      | Noticed Crazy Yiuf
  2215 | D:2      | Killed Crazy Yiuf
  2597 | D:3      | Reached XP level 5. HP: 32/32 MP: 9/9
  2721 | D:3      | Got the Collected Works on Contamination
  3296 | D:3      | Found a runed translucent door.
  3508 | D:3      | Noticed Seraphu's ghost (amateur DDFi)
  3602 | D:4      | Noticed a necrophage
  3611 | D:4      | Killed a necrophage
  3612 | D:4      | Reached skill level 3 in Spellcasting
  3612 | D:4      | Reached XP level 6. HP: 38/38 MP: 4/10
  3628 | D:4      | Noticed Eustachio
  3644 | D:4      | Killed Eustachio
  3645 | D:4      | Reached skill level 5 in Earth Magic
  3690 | D:4      | Reached XP level 7. HP: 25/44 MP: 3/12
  3704 | D:4      | Found a shimmering altar of Xom.
  3759 | D:4      | Noticed Natasha
  3764 | D:4      | Killed Natasha
  3765 | D:4      | Reached skill level 1 in Conjurations
  3778 | D:4      | Noticed Natasha
  3780 | D:4      | Killed Natasha
  3853 | D:4      | Reached skill level 5 in Fighting
  3974 | D:4      | Found a sand-covered staircase.
  3983 | Ossuary  | Entered an ossuary
  4629 | D:4      | Noticed Natasha
  4640 | D:4      | Killed Natasha
  4641 | D:4      | Reached XP level 8. HP: 50/50 MP: 1/13
  4929 | D:5      | Entered Level 5 of the Dungeon
  4961 | D:5      | Reached skill level 4 in Spellcasting
  5160 | D:5      | Learned a level 4 spell: Olgreb's Toxic Radiance
  5313 | D:5      | Found a staircase to the Ecumenical Temple.
  5326 | Temple   | Entered the Ecumenical Temple
  5556 | Temple   | Became a worshipper of Vehumet
  5681 | D:5      | Reached skill level 1 in Poison Magic
  6513 | D:6      | Reached skill level 5 in Conjurations
  6513 | D:6      | Reached XP level 9. HP: 56/56 MP: 8/15
  6636 | D:6      | Reached * piety under Vehumet
  6636 | D:6      | Offered knowledge of Foxfire by Vehumet.
  6723 | D:6      | Noticed Sigmund
  6726 | D:6      | Killed Sigmund
  8101 | D:7      | Reached skill level 5 in Spellcasting
  8655 | D:7      | Reached XP level 10. HP: 65/65 MP: 9/18
  8665 | D:7      | Reached ** piety under Vehumet
  8668 | D:7      | Offered knowledge of Freeze by Vehumet.
  9392 | D:8      | Noticed Joseph
  9397 | D:8      | Killed Joseph
  9398 | D:8      | Reached skill level 6 in Spellcasting
  9787 | D:8      | Found a runed translucent gate.
  9787 | D:8      | Found a runed translucent gate.
  9787 | D:8      | Found an opulent altar of Gozag.
  9788 | D:8      | Found a runed translucent gate.
  9829 | D:8      | Noticed an orc knight
  9830 | D:8      | Noticed Panino's ghost (novice DrTm)
  9830 | D:8      | Noticed a centaur warrior
  9830 | D:8      | Noticed a centaur warrior
 10304 | D:9      | Noticed a two-headed ogre
 10381 | D:9      | Killed a two-headed ogre
 10511 | D:9      | Offered knowledge of Scorch by Vehumet.
 10548 | D:9      | Noticed a gargoyle
 10550 | D:9      | Killed a gargoyle
 10551 | D:9      | Reached skill level 7 in Spellcasting
 10609 | D:9      | Found a large runed translucent door.
 10609 | D:9      | Found a large runed translucent door.
 10626 | D:9      | Reached XP level 11. HP: 65/71 MP: 12/22
 10649 | D:9      | Reached skill level 8 in Spellcasting
 10769 | D:9      | Identified the +5 ring mail of Kohav {rElec rC- MP+9 Str+3}
 10786 | D:9      | Noticed a manticore
 10792 | D:9      | Found a large runed translucent door.
 10792 | D:9      | Found a large runed translucent door.
 10817 | D:9      | Reached *** piety under Vehumet
 11438 | D:10     | Entered Level 10 of the Dungeon
 11574 | D:10     | Noticed Erica
 11581 | D:10     | Killed Erica
 11582 | D:10     | Reached skill level 9 in Spellcasting
 11694 | D:10     | Noticed a cyclops
 11707 | D:10     | Killed a cyclops
 11939 | D:10     | Reached skill level 10 in Spellcasting
 12096 | D:10     | Offered knowledge of Conjure Flame by Vehumet.
 12278 | D:10     | Learned a level 5 spell: Irradiate
 12285 | D:10     | Learned a level 6 spell: Conjure Ball Lightning
 12286 | D:11     | Noticed a four-headed hydra
 12294 | D:11     | Killed a one-headed hydra
 12364 | D:11     | Noticed a two-headed ogre
 12369 | D:11     | Killed a two-headed ogre
 12467 | D:11     | Found a staircase to the Lair.
 12612 | D:11     | Noticed a cyclops
 12617 | D:11     | Killed a cyclops
 12754 | D:11     | Noticed Maurice
 12768 | D:11     | Killed Maurice
 12769 | D:11     | Reached XP level 12. HP: 34/76 MP: 8/26
 12970 | D:11     | Reached **** piety under Vehumet
 13128 | D:11     | Noticed a two-headed ogre
 13134 | D:11     | Killed a two-headed ogre
 13135 | D:11     | Reached skill level 11 in Spellcasting
 13148 | D:11     | You fall into a shaft and drop 2 floors!
 13347 | D:13     | Offered knowledge of Hailstorm by Vehumet.
 13348 | D:13     | Reached skill level 10 in Fighting
 13674 | D:11     | Found a staircase to the Orcish Mines.
 14138 | D:12     | Reached skill level 5 in Armour
 14163 | D:12     | Noticed a two-headed ogre
 14258 | D:12     | Killed a two-headed ogre
 14358 | D:12     | Reached ***** piety under Vehumet
 14358 | D:12     | Offered knowledge of Lightning Bolt by Vehumet.
 14359 | D:12     | Reached skill level 10 in Conjurations
 14391 | D:12     | Noticed a two-headed ogre
 14403 | D:12     | Killed a two-headed ogre
 14586 | D:12     | Reached skill level 12 in Spellcasting
 14586 | D:12     | Reached XP level 13. HP: 83/84 MP: 18/29
 14788 | D:12     | Noticed an ettin
 14791 | D:12     | Killed an ettin
 14865 | D:12     | Noticed a yaktaur captain
 15129 | D:12     | Killed a yaktaur captain
 15631 | D:12     | Reached skill level 13 in Spellcasting
 16584 | D:12     | Identified the +1 leather armour of Disguise {rCorr Int+7}
 17139 | D:13     | Learned a level 6 spell: Starburst
 17593 | D:14     | Reached skill level 1 in Fire Magic
 17733 | D:14     | Gained mutation: Your large and strong wings let you fly.
                  | [Gargoyle growth]
 17733 | D:14     | Reached XP level 14. HP: 74/92 MP: 9/31
 17945 | D:13     | Learned a level 5 spell: Lightning Bolt
 17982 | D:14     | Found a hazy altar of Hepliaklqana.
 18669 | D:14     | Found a gate to the Vaults.
 18701 | D:15     | Entered Level 15 of the Dungeon
 18992 | D:15     | Reached skill level 14 in Spellcasting
 19741 | D:15     | Noticed a stone giant
 19750 | D:15     | Killed a stone giant
 19856 | D:15     | Found a staircase to the Depths.
 20610 | D:15     | Offered knowledge of Fireball by Vehumet.
 20617 | D:15     | Learned a level 5 spell: Fireball
 21014 | Lair:1   | Entered Level 1 of the Lair of Beasts
 21344 | Lair:1   | Reached skill level 15 in Spellcasting
 22006 | Lair:1   | Learned a level 6 spell: Iron Shot
 22140 | Lair:2   | Reached XP level 15. HP: 99/99 MP: 11/34
 22958 | Lair:2   | Identified a scroll of acquirement
 23044 | Lair:3   | Found a hole to the Spider Nest.
 23193 | Lair:2   | Acquired the amulet of Ugor {Faith rC+ Regen+ Str-5 Int+9}
 23354 | Lair:3   | Reached skill level 1 in Shields
 23447 | Lair:3   | Found a staircase to the Shoals.
 24239 | Lair:3   | Identified the +8 falchion "Jellyslayer" {vorpal, Contam
                  | Will+ Str+9 Int+2}
 24372 | Lair:4   | Found a shimmering blue altar of Sif Muna.
 24698 | Lair:4   | Offered knowledge of Iskenderun's Battlesphere by Vehumet.
 25201 | Lair:4   | Identified the +6 longbow of Cocytus {freeze, rElec rF+++
                  | rCorr Str+2}
 25632 | Lair:5   | Found a staircase to the Slime Pits.
 25633 | Lair:5   | Found a viscous altar of Jiyva.
 25763 | Lair:5   | Noticed Kirke
 25774 | Lair:5   | Identified the +7 dagger of Ru's Felicitations {vorpal, rC-
                  | rN++}
 25776 | Lair:5   | Noticed a sphinx
 26292 | Lair:4   | Killed Kirke
 26293 | Lair:4   | Reached skill level 16 in Spellcasting
 26905 | Lair:6   | Entered Level 6 of the Lair of Beasts
 28449 | Lair:6   | Reached skill level 5 in Shields
 28619 | Lair:6   | Reached XP level 16. HP: 106/106 MP: 17/36
 28801 | Lair:6   | Reached skill level 10 in Earth Magic
 29259 | Lair:6   | Reached skill level 10 in Armour
 30058 | D:3      | Killed Seraphu's ghost
 30201 | D:8      | Killed Panino's ghost
 30434 | D:9      | Got the Tome of Blistering Flight
 30724 | Orc:1    | Entered Level 1 of the Orcish Mines
 31005 | Orc:1    | You are sucked into a shaft and drop 1 floor!
 31005 | Orc:2    | Entered Level 2 of the Orcish Mines
 31034 | Orc:2    | Found Wulir's Magic Scroll Emporium.
 31042 | Orc:2    | Bought a scroll of identify for 28 gold pieces
 31042 | Orc:2    | Bought a scroll of identify for 28 gold pieces
 31042 | Orc:2    | Bought a scroll of teleportation for 42 gold pieces
 31042 | Orc:2    | Bought a scroll of teleportation for 42 gold pieces
 31042 | Orc:2    | Bought a scroll of identify for 28 gold pieces
 31489 | Orc:1    | Reached ****** piety under Vehumet
 31489 | Orc:1    | Offered knowledge of Spellforged Servitor by Vehumet.
 31892 | Orc:2    | Found a staircase to the Elven Halls.
 32101 | Orc:2    | Offered knowledge of Yara's Violent Unravelling by Vehumet.
 32642 | Orc:2    | Found Cuuxuvah's Magic Scroll Shop.
 32645 | Orc:2    | Found Caitrem's Magic Scroll Boutique.
 32646 | Orc:2    | Found Avoheill's Antique Armour Shop.
 32647 | Orc:2    | Found Koschu's General Store.
 32651 | Orc:2    | Bought a scroll of identify for 24 gold pieces
 32654 | Orc:2    | Bought a scroll of summoning for 133 gold pieces
 32654 | Orc:2    | Bought a scroll of teleportation for 42 gold pieces
 32654 | Orc:2    | Bought a scroll of fear for 49 gold pieces
 32654 | Orc:2    | Bought a scroll of magic mapping for 49 gold pieces
 32655 | Orc:2    | Bought a book of Armaments for 504 gold pieces
 32657 | Orc:2    | Bought a scroll of teleportation for 36 gold pieces
 32657 | Orc:2    | Bought 3 scrolls of fog for 72 gold pieces
 32657 | Orc:2    | Bought a scroll of amnesia for 42 gold pieces
 32657 | Orc:2    | Bought a scroll of teleportation for 36 gold pieces
 32665 | Orc:2    | Bought a scroll of identify for 24 gold pieces
 32665 | Orc:2    | Bought a scroll of identify for 24 gold pieces
 32665 | Orc:2    | Bought a scroll of identify for 24 gold pieces
 32665 | Orc:2    | Bought a scroll of identify for 24 gold pieces
 32670 | Orc:2    | Bought a scroll of enchant armour for 105 gold pieces
 32670 | Orc:2    | Bought a scroll of enchant armour for 105 gold pieces
 33062 | Spider:1 | Entered Level 1 of the Spider Nest
 33203 | Spider:1 | Noticed Josephine
 33211 | Spider:1 | Killed Josephine
 33212 | Spider:1 | Reached skill level 17 in Spellcasting
 33371 | Spider:1 | Reached XP level 17. HP: 98/112 MP: 32/38
 33414 | Spider:1 | Offered knowledge of Freezing Cloud by Vehumet.
 33568 | Lair:3   | Learned a level 5 spell: Freezing Cloud
 33815 | Spider:1 | Reached skill level 1 in Ice Magic
 33952 | Spider:1 | Reached skill level 15 in Fighting
 35599 | Spider:2 | Noticed Mlioglotl
 36372 | Spider:2 | Offered knowledge of Orb of Destruction by Vehumet.
 36521 | Spider:2 | Identified the +1 ring mail of Daypsa Urucw {rF+ rN+
                  | Slay+2}
 36764 | Spider:2 | Killed Mlioglotl
 37372 | Spider:2 | Learned a level 8 spell: Lehudib's Crystal Spear
 37545 | Spider:3 | Reached skill level 5 in Fire Magic
 37740 | Spider:3 | Offered knowledge of Fire Storm by Vehumet.
 37740 | Spider:3 | Offered knowledge of Chain Lightning by Vehumet.
 37740 | Spider:3 | Offered knowledge of Ignition by Vehumet.
 37857 | Spider:3 | Reached skill level 10 in Shields
 39089 | Spider:3 | Reached XP level 18. HP: 119/119 MP: 34/39
 39499 | Spider:3 | Identified the +5 halberd of Accord {flame, rElec rPois
                  | rCorr}
 39531 | Spider:3 | Learned a level 5 spell: Borgnjor's Vile Clutch
 39531 | Spider:3 | Acquired 876 gold pieces
 39534 | Spider:4 | Entered Level 4 of the Spider Nest
 39618 | Spider:3 | Slain by a broodmother

Illustrated notes

Levels and vault maps discovered:
D:1:      minmay_arrival_semitransparent, layout_basic, basic_ecumenical_altar
D:2:      layout_rooms, kennysheep_generic_room_4, uniq_crazy_yiuf_cottage
D:3:      layout_basic, gammafunk_ghost_grave, serial_bayou_ford_a
D:4:      layout_loops_cross, lemuel_coloured_pillars_altar,
          nicolae_ossuary_entry_ruins, uniq_natasha, uniq_eustachio
D:5:      layout_loops_corners, lemuel_temple_firewalk_a,
          minmay_a_box_with_orc_wizards_in_it
D:6:      nicolae_cairo_tiling, layout_loops_ring, hangedman_decor_peaks_small,
          uniq_sigmund
D:7:      minmay_polygon_palace, layout_basic, serial_curves, eino_curves_03,
          eino_curves_02
D:8:      layout_rooms, ebering_ghost_gozag, uniq_joseph
D:9:      layout_cave_pools, hellmonk_bongcloud_opening,
          chequers_decorated_corner, minmay_hollow_rounded_squares
D:10:     layout_roguey, serial_glass, glass_columns_b, glass_columns_c,
          uniq_erica
D:11:     layout_roguey, david_lair_shrubbed, erik_orc_1, st_stairs_2,
          uniq_maurice
D:12:     hangedman_what_comes_after_a, layout_loops_corners
D:13:     layout_roguey
D:14:     layout_cave_pools, david_vaults_4, nzn_hepliaklqana_mist_gate
D:15:     grunt_enter_depths_snipers, layout_long_grid, grunt_decor_resistance
Temple:   mainiacjoe_temple_hex_bubbles
Lair:1:   layout_regular_city, infiniplex_staircase_pool_2
Lair:2:   layout_loops_ring
Lair:3:   layout_cave_pods, minmay_shoals_entry_beasts,
          nicolae_spider_entry_non_spiders
Lair:4:   layout_cave_shapes, basic_altar, minmay_lair_oklob_items,
          serial_bayou_shore_b
Lair:5:   layout_cave_pods, slime_altar_1, st_stairs_5, minivault_11,
          minivault_25, lemuel_fruit_tree, uniq_kirke
Lair:6:   guppyfry_lair_end_dragon, layout_cave_pods, hangedman_lair_in_review,
          worms_lemuel, grunt_megastairs_2
Spider:1: nicolae_spider_hall_of_the_moth_king, uniq_josephine
Spider:2: layout_chambers, nicolae_orb_island,
          hangedman_spider_tarantella_strand, uniq_mlioglotl
Spider:3: layout_chambers, nicolae_spider_wall_of_niches,
          nicolae_spider_cling_halls
Spider:4: spider_rune_water, drop_trap
Orc:1:    lemuel_ogre_cave, layout_diamond_mine, basic_altar
Orc:2:    st_orc_pillars, layout_diamond_mine, basic_altar, serial_shops,
          nicolae_shop_statue_plus

Skill      XL: |  1  2  3  4  5  6  7  8  9 10 11 12 13 14 15 16 17 |
---------------+----------------------------------------------------+-----
Transmutations | 1 2 3 |  3.0
Fighting       | 1 2 3 4 5 6 8 9 11 12 13 14 15 | 15.3
Armour         | 1 2 3 5 6 9 10 11 | 11.4
Earth Magic    | 4 5 6 7 9 11 | 11.9
Spellcasting   | 3 4 5 7 10 12 13 15 16 17 | 17.6
Conjurations   | 3 5 7 9 10 11 12 13 | 13.8
Poison Magic   | 2 3 |  3.0
Fire Magic     | 1 3 5 |  5.7
Shields        | 5 8 10 | 10.3
Ice Magic      | 3 |  3.0
Dodging        | |  1.5
Stealth        | |  2.1
Necromancy     | |  0.9

Action                   |  1- 3 |  4- 6 |  7- 9 | 10-12 | 13-15 | 16-18 || total
-------------------------+-------+-------+-------+-------+-------+-------++-------
Melee: Long sword        |    80 |    44 |       |       |       |       ||   124
       Unarmed           |     4 |       |       |       |       |       ||     4
       Mace              |       |    86 |   246 |    47 |   231 |    25 ||   635
       Punch             |       |     2 |     3 |     1 |     6 |     1 ||    13
       Scimitar          |       |       |       |     6 |       |       ||     6
       Falchion          |       |       |       |       |       |    94 ||    94
 Cast: Sandblast         |     8 |    22 |    43 |    84 |    74 |    14 ||   245
       Stone Arrow       |       |     3 |    83 |   186 |   274 |    37 ||   583
       Passwall          |       |       |     1 |     1 |     1 |     4 ||     7
       Olgreb's Toxic Ra |       |       |       |    21 |    95 |    98 ||   214
       Lightning Bolt    |       |       |       |       |    14 |       ||    14
       Conjure Ball Ligh |       |       |       |       |     8 |    21 ||    29
       Iron Shot         |       |       |       |       |    80 |   149 ||   229
       Starburst         |       |       |       |       |    31 |    57 ||    88
       Fireball          |       |       |       |       |       |    22 ||    22
       Freezing Cloud    |       |       |       |       |       |     6 ||     6
Evoke: Wand              |       |       |       |    16 |     3 |       ||    19
  Use: Scroll            |       |     2 |     5 |     7 |    18 |     8 ||    40
       Potion            |       |       |       |     1 |     7 |       ||     8
 Stab: Sleeping          |     2 |     2 |     6 |       |       |     1 ||    11
       Distracted        |       |     1 |       |       |       |       ||     1
Armor: Robe              |    61 |    56 |   161 |   136 |    37 |       ||   451
       Leather armour    |       |       |       |       |   307 |   265 ||   572
Dodge: Dodged            |    75 |    85 |   205 |   138 |   319 |   189 ||  1011
Block: Buckler           |       |       |       |       |       |    89 ||    89
